 Dungeon Crawl Stone Soup version 0.26-a0-227-g1af32d979d (webtiles) character file.

Game seed: 15121697970359627855

81 BritishOli the Ducker (level 4, -8/34 HPs)
             Began as a Demonspawn Gladiator on July 7, 2020.
             Killed by divine providence
             ... invoked by an orc priest
              (10 damage)
             ... on level 2 of the Dungeon.
             The game lasted 00:01:47 (1589 turns).

BritishOli the Ducker (Demonspawn Gladiator)        Turns: 1589, Time: 00:01:48

Health: -8/34      AC:  6    Str: 16    XL:     4   Next: 19%
Magic:  4/4        EV: 12    Int:  9    God:
Gold:   98         SH:  6    Dex: 14    Spells: 3/3 levels left

rFire    . . .     SeeInvis .   a - +0 long sword
rCold    . . .     Faith    .   (no shield)
rNeg     . . .     Spirit   .   i - +0 ring mail
rPois    .         Reflect  .   c - +0 helmet
rElec    .         Harm     .   (no cloak)
rCorr    .                      (no gloves)
MR       .....                  (no boots)
Stlth    +.........             (no amulet)
HPRegen  0.11/turn              (no ring)
MPRegen  0.09/turn              (no ring)

@: no status effects
A: large bone plates 2
a: no special abilities


You were on level 2 of the Dungeon.
You were not hungry.

You visited 1 branch of the dungeon, and saw 3 of its levels.

You collected 98 gold pieces.

Inventory:

Hand Weapons
 a - a +0 long sword (weapon)
Missiles
 d - 3 throwing nets (quivered)
Armour
 b - a +0 leather armour
 c - a +0 helmet (worn)
 i - a +0 ring mail (worn)
Jewellery
 p - an uncursed amulet of regeneration {unknown}
Scrolls
 g - 4 scrolls of identify {unknown}
 l - a scroll of magic mapping {unknown}
 q - a scroll of amnesia {unknown}
 r - a scroll of enchant weapon {unknown}
 s - a scroll of fear {unknown}
 v - a scroll of teleportation {unknown}
Potions
 e - 2 potions of heal wounds {unknown}
 h - a potion of ambrosia {unknown}
 j - a potion of flight {unknown}
 k - a potion of curing {unknown}
 m - a potion of stabbing {unknown}
 n - a potion of might {unknown}
 o - a potion of degeneration {unknown}
 t - a potion of cancellation {unknown}
 u - a potion of lignification {unknown}
Comestibles
 f - 3 rations


   Skills:
 + Level 2.7 Fighting
 + Level 3.2 Long Blades
 - Level 2.1 Throwing
 + Level 1.3 Armour
 + Level 3.2 Dodging


You had 3 spell levels left.
You didn't know any spells.
Your spell library was empty.

Dungeon Overview and Level Annotations

Branches:
Dungeon (3/15)

Altars:
Elyvilon


Innate Abilities, Weirdness & Mutations

You are mostly covered in large bone plates. (SH +6)


Message History

The orc priest mumbles some strange prayers to Beogh against you.
Beogh smites you!
You slash the goblin!
You kill the goblin!
You block the orc's attack. The orc closely misses you.
You barely miss the orc. You block the orc's attack. The orc barely misses you.
You riposte.
You slash the orc!
You kill the orc!
You hit the orc.
The orc is moderately wounded.
The orc barely misses you.
You hit the orc but do no damage.
The orc is moderately wounded.
The orc priest mumbles some strange prayers to Beogh against you.
Beogh smites you!
* * * LOW HITPOINT WARNING * * *
The orc barely misses you.
The orc priest mumbles some strange prayers to Beogh against you.
Beogh smites you!
You die...

# #############
######..........(.
#@o..+............
#o####........(...
###o................
#...................
#...................
#...................
#.............).....
#...†)..............
###.###.#####.#..###


You could see an orc priest and 2 orcs.

Vanquished Creatures
  An adder (D:2)
  2 oozes (D:1)
  2 worms (D:2)
  2 dart slugs
  A leopard gecko (D:1)
  An orc (D:2)
  A ball python (D:2)
  4 bats
  4 giant cockroaches (D:1)
  5 hobgoblins
  6 jackals
  A quokka (D:2)
  2 frilled lizards
  7 goblins
  6 kobolds
  A rat (D:1)
46 creatures vanquished.

Notes
Turn   | Place    | Note
-------+----------+-------------------------------------------
     0 | D:1      | BritishOli the Demonspawn Gladiator began the quest for the
                  | Orb.
     0 | D:1      | Reached XP level 1. HP: 16/16 MP: 1/1
    46 | D:1      | Gained mutation: You are partially covered in large bone
                  | plates. (SH +4) [demonic ancestry]
    46 | D:1      | Reached XP level 2. HP: 14/22 MP: 2/2
   495 | D:1      | Gained mutation: You are mostly covered in large bone
                  | plates. (SH +6) [demonic ancestry]
   495 | D:1      | Reached XP level 3. HP: 28/28 MP: 3/3
   655 | D:1      | Reached skill level 1 in Armour
  1305 | D:2      | Reached XP level 4. HP: 34/34 MP: 4/4
  1318 | D:2      | Found a white marble altar of Elyvilon.
  1589 | D:2      | Killed from afar by an orc priest

Illustrated notes

Levels and vault maps discovered:
D:1:      elethiomel_arrival_quiet, layout_loops_ring,
          kennysheep_decorative_pillar
D:2:      layout_basic, lemuel_doored_altar, first_ration, serial_glass,
          glass_columns_a, glass_columns_b
D:3:      layout_loops_ring, okawaru_gym_becter, minivault_23, minivault_11,
          uniq_sigmund, uniq_grinder

Skill      XL: |  1  2  3 |
---------------+----------+-----
Throwing       | 2 |  2.1
Long Blades    | 3 |  3.2
Dodging        | 3 |  3.2
Armour         | 1 |  1.3
Fighting       | |  2.7

Action                   |  1- 3 |  4- 6 || total
-------------------------+-------+-------++-------
Melee: Long sword        |   125 |    12 ||   137
 Stab: Distracted        |     1 |       ||     1
  Eat: Ration            |     1 |       ||     1
Armor: Leather armour    |    13 |       ||    13
       Ring mail         |    14 |     7 ||    21
Dodge: Dodged            |    93 |    12 ||   105
Block: Other             |    27 |     4 ||    31
       Rpst.: Long sword |    29 |     3 ||    32

Table legend:
 A = Non-vault XP
 B = Vault XP
 C = Vault XP percentage of total XP
 D = Non-vault monster count
 E = Vault monster count
 F = Vault count percentage of total count
                 A         B        C        D         E       F
            +---------+---------+-------+---------+---------+-------
      Total |     116 |       0 |   0.0 |      46 |       0 |   0.0
            +---------+---------+-------+---------+---------+-------
        D:1 |      60 |       0 |   0.0 |      26 |       0 |   0.0
        D:2 |      56 |       0 |   0.0 |      20 |       0 |   0.0
            +---------+---------+-------+---------+---------+-------
